 Dungeon Sprint DCSS version 0.17-a0-1655-g88a8506 (webtiles) character file.

104 Kidiri the Covert (level 4, -7/21 HPs)
             Began as a Spriggan Enchanter on Aug 15, 2015.
             Mangled by a water elemental (17 damage)
             ... in the Dungeon (Sprint III: "The Ten Rune Challenge").
             The game lasted 00:03:41 (487 turns).

Kidiri the Covert (Spriggan Enchanter)               Turns: 487, Time: 00:03:41

Health: -7/21      AC:  4    Str:  4    XL:     4   Next: 52%
Magic:  1/13       EV: 22    Int: 16    God:
Gold:   23         SH:  0    Dex: 17    Spells: 5 memorised, 2 levels left

rFire  + . .     SeeInvis +     a - +1 dagger
rCold  . . .     Clarity  .     l - +2 robe {MR+}
rNeg   . . .     SustAt   .     (shield restricted)
rPois  .         Gourm    .     (helmet restricted)
rElec  .         Spirit   .     (no cloak)
rCorr  .         Warding  .     (gloves unavailable)
rMut   .         NoTele   +     (boots unavailable)
MR     +....                    (no amulet)
Stlth  ++++......               (no ring)
                                (no ring)

@: very slightly contaminated, very quick, somewhat resistant to hostile
enchantments, stealthy
A: unfitting armour, see invisible, fire resistance 1, herbivore 3, speed 3,
high mp 1, slow metabolism 2, wild magic 1
a: no special abilities


You were in the Dungeon.
You were not hungry.

You visited 1 branch You collected 23 gold pieces.

Inventory:

Hand weapons
 a - a +1 dagger (weapon)
Armour
 l - a +2 robe of magic resistance (worn)
Scrolls
 j - a scroll of blinking
 m - a scroll of holy word {unknown}
 n - 3 scrolls of remove curse
 q - a scroll of torment {unknown}
Potions
 e - a potion of curing
 f - a potion of heal wounds
 g - a potion of haste
 h - 2 potions of magic
 i - a potion of berserk rage
 o - 2 potions of cure mutation
 p - a potion of lignification
 r - a potion of resistance {unknown}
Comestibles
 d - 2 bread rations


   Skills:
 + Level 3.3 Short Blades
 * Level 7.0 Dodging
 * Level 8.1 Stealth
 * Level 5.7 Spellcasting
 + Level 0.0 Conjurations
 + Level 5.0 Hexes
 + Level 1.4 Ice Magic


You had 2 spell levels left.
You knew the following spells:

 Your Spells              Type           Power        Failure   Level  Hunger
a - Corona                Hex            ####...      4%          1    None
b - Ensorcelled Hibernat  Hex/Ice        ###...       16%         2    #......
c - Confuse               Hex            ####....     13%         3    ##.....
d - Tukima's Dance        Hex            ####....     13%         3    ##.....
e - Dazzling Spray        Conj/Hex       ###.....     30%         3    ##.....


Dungeon Overview and Level Annotations

Branches:
Dungeon (1/1)

Altars:


Innate Abilities, Weirdness & Mutations

You are tiny and cannot use many weapons and most armour.
You have supernaturally acute eyesight.
You are a herbivore.
You cover ground extremely quickly.
You need consume almost no food.
Your flesh is heat resistant.
You have an increased reservoir of magic (+10% MP).
Your spells are a little harder to cast, but a little more powerful.


Message History

Press: ? - help, Shift-Dir - straight line, f/p - water elemental
Aim: a water elemental (heavily damaged)
The spray of energy hits the water elemental.
The water elemental is almost destroyed.
Casting: Dazzling Spray
Confirm with . or Enter, or press ? or * to list all spells.
Aiming: Dazzling Spray
Press: ? - help, Shift-Dir - straight line, f/p - water elemental
Aim: a water elemental (almost destroyed)
You miscast Dazzling Spray.
You are very lightly contaminated with residual magic.
Your skin glows momentarily.
Drink which item? (? for menu, Esc to quit)
Okay, then.
There is an open door here.
There is an open door here.
Unknown command.
The water elemental hits you!
Ouch! That really hurt!
You die...

▓▓▓▓▓▓▓▓▓▓▓▓▓ ▓▓▓
▓<.#..+.....♣♣ ♣.#
▓..#:.#....♣.♣ ♣♣.#
▓#'####....♣♣♣ ♣..#
▓..@..#....≈.♣ ♣♣.##
▓.E...#...≈≈♣♣♣♣..#.
▓.....#..≈≈≈≈.♣♣♣.'.
▓####'#..≈≈≈≈≈≈♣..#.
▓[....#.≈≈≈≈≈≈....#.
▓.....#.≈≈≈≈≈.....#.
▓.....#.≈≈≈.......#+
▓'#####...........#
▓..E..............#


You could see a water elemental.

Vanquished Creatures
  A scorpion (D)
  Jessica (D)
  A human (D)
  An ooze (D)
  2 rats (D)
6 creatures vanquished.

Vanquished Creatures (others)
  2 draconian scorchers (D)
  A hydra (D)
  2 yaktaurs (D)
  2 plants (D)
7 creatures vanquished.

Grand Total: 13 creatures vanquished

Notes
Turn   | Place    | Note
--------------------------------------------------------------
     0 | D        | Kidiri the Spriggan Enchanter began the quest for the Orb.
     0 | D        | Reached XP level 1. HP: 9/9 MP: 5/5
     7 | D        | Reached skill level 5 in Stealth
    16 | D        | Noticed Jessica
    19 | D        | Killed Jessica
    19 | D        | Reached skill level 5 in Dodging
    19 | D        | Reached skill level 6 in Stealth
    19 | D        | Reached XP level 2. HP: 13/13 MP: 6/8
    19 | D        | Reached XP level 3. HP: 16/16 MP: 6/9
    26 | D        | Learned a level 2 spell: Ensorcelled Hibernation
    30 | D        | Learned a level 3 spell: Confuse
    34 | D        | Learned a level 3 spell: Tukima's Dance
    81 | D        | Reached skill level 7 in Stealth
   179 | D        | Killed a yaktaur
   200 | D        | Killed a white draconian scorcher
   241 | D        | Killed a white draconian scorcher
   259 | D        | Killed an eight-headed hydra
   259 | D        | Killed a yaktaur
   288 | D        | Noticed a scorpion
   312 | D        | Killed a scorpion
   312 | D        | Reached skill level 8 in Stealth
   312 | D        | Reached skill level 5 in Spellcasting
   312 | D        | Reached skill level 5 in Hexes
   312 | D        | Reached skill level 1 in Ice Magic
   312 | D        | Reached XP level 4. HP: 21/21 MP: 1/12
   317 | D        | Learned a level 3 spell: Dazzling Spray
   345 | D        | Gained mutation: Your flesh is heat resistant. [potion of mutation]
   345 | D        | Gained mutation: Your system is resistant to poisons. [potion of mutation]
   346 | D        | Gained mutation: Your spells are a little harder to cast, but a little more powerful. [potion of mutation]
   346 | D        | Gained mutation: You have an increased reservoir of magic (+10% MP). [potion of mutation]
   346 | D        | Lost mutation: Your system is resistant to poisons. [potion of mutation]
   443 | D        | Noticed a water elemental
   487 | D        | Mangled by a water elemental

Vault maps used:
D:        dungeon_sprint_mu

Action                   |  1- 3 |  4- 6 || total
-------------------------+-------+-------++-------
Melee: Dagger            |    10 |     1 ||    11
 Cast: Ensorcelled Hiber |     7 |       ||     7
       Corona            |     1 |       ||     1
       Dazzling Spray    |       |     4 ||     4
  Use: Scroll            |       |     3 ||     3
       Potion            |       |     2 ||     2
 Stab: Sleeping          |     6 |       ||     6
